 Dungeon Crawl Stone Soup version 0.24-a0-408-gcc1054c7ca (webtiles) character file.

Game seed: 10107626122975616242

133 Peloso the Skirmisher (level 4, -2/42 HPs)
             Began as a Minotaur Fighter on June 5, 2019.
             Slain by Natasha (6 damage)
             ... on level 2 of the Dungeon.
             The game lasted 00:02:05 (1572 turns).

Peloso the Skirmisher (Minotaur Fighter)            Turns: 1572, Time: 00:02:05

Health: -2/42      AC: 10    Str: 21    XL:     4   Next: 93%
Magic:  3/3        EV:  7    Int:  5    God:
Gold:   91         SH:  9    Dex: 10    Spells: 3/3 levels left

rFire    . . .     SeeInvis .   a - +0 long sword
rCold    . . .     Gourm    .   c - +0 shield
rNeg     . . .     Faith    .   b - +0 scale mail
rPois    .         Spirit   .   i - +2 hat
rElec    .         Reflect  .   (no cloak)
rCorr    .         Harm     .   (no gloves)
MR       .....                  (no boots)
Stlth    ..........             (no amulet)
HPRegen  0.14/turn              j - +1 ring of protection
MPRegen  0.08/turn              (no ring)

@: slowed, very slow
A: retaliatory headbutt, horns 2
a: no special abilities


You were on level 2 of the Dungeon.
You were not hungry.

You visited 1 branch of the dungeon, and saw 2 of its levels.

You collected 91 gold pieces.

Inventory:

Hand Weapons
 a - a +0 long sword (weapon)
Armour
 b - a +0 scale mail (worn)
 c - a +0 shield (worn)
 i - a +2 hat (worn)
Jewellery
 j - a +1 ring of protection (left hand)
Scrolls
 e - a scroll of remove curse {unknown}
 g - 2 scrolls of enchant weapon {unknown}
 h - 4 scrolls of identify {unknown}
 m - a scroll of fear {unknown}
Potions
 d - a potion of might
 k - a potion of curing {unknown}
 l - a potion of berserk rage {unknown}
Comestibles
 f - 7 rations
 n - a chunk of flesh


   Skills:
 + Level 5.1 Fighting
 + Level 3.2 Long Blades
 + Level 4.7 Armour
 + Level 0.4 Dodging
 + Level 0.1 Stealth
 + Level 4.2 Shields


You had 3 spell levels left.
You didn't know any spells.
Your spell library was empty.

Dungeon Overview and Level Annotations

Branches:
Dungeon (2/15)

Altars:

Annotations:
D:2 Natasha


Innate Abilities, Weirdness & Mutations

You reflexively headbutt those who attack you in melee.
You have a pair of horns on your head.


Message History

Unknown command.
You hit Natasha. Your headbutt misses Natasha.
Natasha is moderately wounded.
Natasha zaps a wand.
The puff of flame hits you.
* * * LOW HITPOINT WARNING * * *
You closely miss Natasha.
Natasha is moderately wounded.
Natasha zaps a wand.
The puff of flame hits you but does no damage.
Natasha stares at you and mumbles some strange words.
You feel yourself slow down.
You hit Natasha.
Natasha is heavily wounded.
Natasha zaps a wand.
The puff of flame hits you.
* * * LOW HITPOINT WARNING * * *
Natasha zaps a wand.
The puff of flame misses you.
You hit Natasha.
Natasha is severely wounded.
Natasha claws you.
You die...

###....#######.# #.# #.#
#............###.# #.#
#................###.#
#.##..#####..##...##.#
###............##......#
....##..####...##...####
.###.............รท...#
.# #.##..####.##.###.##
.###.##..####.##@##...#
...............h....#.#
####.######...##.##...#
#.........#.####.###.##
#.##.####.#.# #># #.#
#.##.# ##.#[# #.# #.#
#.##.###.)..# #.# #.#
#.##.##.###.# #.###.###
........# #.# #.......#


You could see Natasha.

Vanquished Creatures
  Natasha (twice) (D:2)
  4 gnolls (D:2)
  An adder (D:2)
  An ooze (D:1)
  3 worms (D:2)
  A giant cockroach (D:2)
  5 goblins
  4 hobgoblins
  A bat (D:2)
  A frilled lizard (D:2)
  3 kobolds
  5 rats
31 creatures vanquished.

Notes
Turn   | Place    | Note
-------+----------+-------------------------------------------
     0 | D:1      | Peloso the Minotaur Fighter began the quest for the Orb.
     0 | D:1      | Reached XP level 1. HP: 19/19 MP: 0/0
   261 | D:1      | Reached skill level 4 in Fighting
   287 | D:1      | Reached XP level 2. HP: 25/27 MP: 1/1
   482 | D:2      | Reached XP level 3. HP: 16/34 MP: 2/2
  1083 | D:2      | Reached XP level 4. HP: 40/41 MP: 3/3
  1479 | D:2      | Noticed Natasha
  1483 | D:2      | Killed Natasha
  1504 | D:2      | Noticed Natasha
  1516 | D:2      | Killed Natasha
  1516 | D:2      | Reached skill level 5 in Fighting
  1566 | D:2      | Noticed Natasha
  1572 | D:2      | Slain by Natasha

Levels and vault maps discovered:
D:1:      minmay_arrival_widening_spiral_wide, layout_rooms
D:2:      layout_loops_ring, uniq_natasha

Skill      XL: |  1  2  3  4 |
---------------+-------------+-----
Fighting       | 4 5 |  5.1
Armour         | 4 |  4.7
Shields        | 4 |  4.2
Long Blades    | 3 |  3.2
Dodging        | |  0.4
Stealth        | |  0.1

Action                   |  1- 3 |  4- 6 || total
-------------------------+-------+-------++-------
Melee: Long sword        |    49 |    44 ||    93
       Headbutt          |     9 |     5 ||    14
  Eat: Chunk             |       |     2 ||     2
Armor: Scale mail        |    22 |     8 ||    30
Dodge: Dodged            |    22 |    10 ||    32
Block: Shield            |    35 |    14 ||    49
       Rpst.: Long sword |     4 |     6 ||    10

Table legend:
 A = Non-vault XP
 B = Vault XP
 C = Vault XP percentage of total XP
 D = Non-vault monster count
 E = Vault monster count
 F = Vault count percentage of total count
                 A         B        C        D         E       F
            +---------+---------+-------+---------+---------+-------
      Total |     155 |      35 |  18.4 |      30 |       1 |   3.2
            +---------+---------+-------+---------+---------+-------
        D:1 |      18 |       0 |   0.0 |       8 |       0 |   0.0
        D:2 |     137 |      35 |  20.3 |      22 |       1 |   4.3
            +---------+---------+-------+---------+---------+-------
